Blue Jackets vs Avalanche
Created - 28 mars 2017 at 19:25
Goals
|
| Blue Jackets |
0 |
1 |
1 |
0 |
2 |
3 |
| Avalanche |
0 |
2 |
0 |
0 |
1 |
2 |
|
Shots
|
| Blue Jackets |
16 |
14 |
3 |
4 |
4 |
37 |
| Avalanche |
12 |
11 |
17 |
1 |
4 |
41 |
|
1st period
No Goal
Penalties :
Corey Perry (Col) for Hooking (Minor) at 19:12
2nd period
1. Avalanche , Mikkel Boedker 21 (Mike Comrie, Jack Johnson) at 1:44
2. Avalanche , Chuck Kobasew 11 (Jack Johnson, Jay Bouwmeester) at 2:58
3. Blue Jackets , Mike York 21 (Martin Havlat) at 5:57 (PP)
Penalties :
Bryan Little (Col) for Interference (Minor) at 5:06
3rd period
4. Blue Jackets , Martin Havlat 32 (Mike York, David Booth) at 15:53
Penalties :
Dave Steckel (Clb) for Roughing (Double Minor) at 6:43
Overtime #1
No Goal
Penalties :
No Penalty
Shootout
Penalty Shot by Pavel Datsyuk for Blue Jackets - Goal!
Penalty Shot by Corey Perry for Avalanche - Stopped by Niklas Backstrom
Penalty Shot by Patric Hornqvist for Blue Jackets - Stopped by Semyon Varlamov
Penalty Shot by Andrei Kostitsyn for Avalanche - Goal!
Penalty Shot by David Booth for Blue Jackets - Stopped by Semyon Varlamov
Penalty Shot by Bryan Little for Avalanche - Stopped by Niklas Backstrom
Penalty Shot by Martin Havlat for Blue Jackets - Goal!
Penalty Shot by Mikkel Boedker for Avalanche - Shot Misses the Net
Penalties :
No Penalty
Goalie Stats
Niklas Backstrom (Clb), 39 saves from 41 shots - (0,951), W, 4-6-0, 65:00 minutes
Semyon Varlamov (Col), 35 saves from 37 shots - (0,946), OTL, 16-16-3, 65:00 minutes
Players Stats for Blue Jackets
Player Name G A P +/- PIM S H SB GA TA FO MP PP MP PK MP
------------------------------------------------------------------------------------
A.J Thelen 0 0 0 0 0 0 0 0 0 0 0/0 4:14 0:00 0:49
Andreas Nodl 0 0 0 -1 0 1 2 2 0 0 0/1 12:26 0:00 0:00
Branislav Mezei 0 0 0 -1 0 5 1 0 0 1 0/0 29:34 1:55 1:40
Brooks Orpik 0 0 0 -1 0 4 1 0 1 0 0/0 22:10 0:55 1:30
Cory Emmerton 0 0 0 -1 0 0 0 0 0 0 1/2 6:44 0:00 0:46
Dave Steckel 0 0 0 -1 4 2 1 0 0 1 8/10 14:05 0:00 0:00
David Booth 0 1 1 0 0 4 0 0 1 0 2/3 22:36 1:57 1:16
François Beauchemin 0 0 0 1 0 1 1 1 0 0 0/0 12:36 0:00 0:00
Jan Bulis 0 0 0 1 0 0 0 0 0 1 7/12 18:12 0:53 1:00
Jeff Taffe 0 0 0 -1 0 1 0 0 0 1 0/0 8:52 0:00 1:07
Kevin Bieksa 0 0 0 -1 0 2 0 3 1 1 0/0 26:33 1:55 1:40
Marcus Nilson 0 0 0 -1 0 6 0 0 0 0 0/0 16:16 0:00 0:47
Martin Havlat 1 1 2 1 0 6 2 0 1 0 0/0 19:57 0:53 0:22
Mike Commodore 0 0 0 1 0 1 0 1 0 0 0/0 13:16 0:00 0:49
Mike Lundin 0 0 0 -1 0 1 2 1 0 1 0/0 21:37 0:55 1:30
Mike York 1 1 2 1 0 3 0 0 0 1 1/2 16:59 0:53 0:00
Patric Hornqvist 0 0 0 0 0 0 1 2 1 1 0/1 23:18 1:57 1:19
Pavel Datsyuk 0 0 0 -1 0 0 3 0 2 2 11/29 26:35 1:57 1:21
Players Stats for Avalanche
Player Name G A P +/- PIM S H SB GA TA FO MP PP MP PK MP
------------------------------------------------------------------------------------
Alexander Radulov 0 0 0 1 0 0 2 0 1 0 2/2 19:46 1:33 0:00
Andrei Kostitsyn 0 0 0 0 0 3 1 0 1 0 0/0 20:26 1:31 0:00
Andrew Ladd 0 0 0 0 0 0 1 0 0 0 0/0 13:08 1:05 0:40
Brandon Yip 0 0 0 0 0 1 2 0 1 0 0/1 11:42 0:50 0:40
Bryan Little 0 0 0 0 2 3 3 0 0 0 7/13 19:40 1:38 0:00
Chuck Kobasew 1 0 1 0 0 3 0 0 0 0 0/0 11:29 0:00 2:10
Corey Perry 0 0 0 0 2 3 1 0 3 0 1/3 20:12 1:36 0:00
David Krejci 0 0 0 0 0 1 1 0 0 0 2/3 9:53 0:41 0:00
Jack Johnson 0 2 2 2 0 6 0 0 0 1 0/0 26:22 1:50 2:00
Jay Bouwmeester 0 1 1 2 0 2 0 0 0 0 0/0 22:06 1:50 0:00
Johnny Boychuk 0 0 0 -1 0 1 0 3 0 0 0/0 16:54 0:00 0:50
Marc Staal 0 0 0 0 0 1 0 1 0 1 0/0 25:18 2:09 2:00
Mike Comrie 0 1 1 1 0 3 0 0 0 2 16/32 19:39 0:00 2:10
Mikkel Boedker 1 0 1 1 0 2 1 2 2 0 1/2 20:35 1:36 0:00
Paul Stastny 0 0 0 0 0 4 5 0 1 0 1/3 12:51 1:27 0:00
Richard Jackman 0 0 0 -1 0 0 0 0 0 2 0/0 15:44 0:00 0:00
Ryan Smyth 0 0 0 0 0 5 0 0 0 0 0/1 9:11 0:00 0:00
Shane O'Brien 0 0 0 0 0 3 2 1 1 1 0/0 22:12 2:09 0:50
3 Stars
1 - Martin Havlat (Clb)
2 - Mike York (Clb)
3 - Niklas Backstrom (Clb)
Power Play
Blue Jackets - 1 on 2 Attempt(s) - 50,00%
Avalanche - 0 on 2 Attempt(s) - 0,00%
Penalty Kill
Blue Jackets - 2 on 2 Attempt(s) - 100,00%
- Score 0 goal in Penalty Kill
Avalanche - 1 on 2 Attempt(s) - 50,00%
- Score 0 goal in Penalty Kill
Team Stat
Blue Jackets - Hits : 14 - Faceoff Wins : 30 - Blocked Shots : 10 - Penalty Minutes : 4
Avalanche - Hits : 19 - Faceoff Wins : 30 - Blocked Shots : 7 - Penalty Minutes : 4
Official
Referees : Lee Chris and Ciamaga Chris
Linesman : Jonny Murray and Dan Schachte
Game Notes
No Game Note
Finance
Level 1 -- Attendance: 5973 (99,55%) -- Ticket Income 501 732 $
Level 2 -- Attendance: 5000 (100,00%) -- Ticket Income 250 000 $
Level 3 -- Attendance: 1948 (97,40%) -- Ticket Income 54 544 $
Level 4 -- Attendance: 3671 (91,78%) -- Ticket Income 66 078 $
Luxury Box -- Attendance: 833 (83,30%) -- Ticket Income 139 111 $
Game was played at the Pepsi Center.
Total Attendance: 17425 (96,81%)
Total Ticket Income: 1 011 465 $
Other Income: 151 720 $
Total Income: 1 163 185 $
Blue Jackets
5 vs 5 Forward
Center Left Wing Right Wing Time % Phy DF OF
1 Pavel Datsyuk David Booth Patric Hornqvist 40 1 2 2
2 Jan Bulis Mike York Martin Havlat 30 1 2 2
3 Dave Steckel Marcus Nilson Andreas Nodl 20 1 2 2
4 Cory Emmerton Jeff Taffe Pavel Datsyuk 10 1 2 2
5 vs 5 Defense
Defense Defense Time % Phy DF OF
1 Branislav Mezei Kevin Bieksa 40 1 2 2
2 Mike Lundin Brooks Orpik 30 1 2 2
3 François Beauchemin Mike Commodore 20 1 2 2
4 A.J Thelen Branislav Mezei 10 1 2 2
PowerPlay Forward
Center Left Wing Right Wing Time % Phy DF OF
1 Pavel Datsyuk David Booth Patric Hornqvist 60 1 2 2
2 Jan Bulis Mike York Martin Havlat 40 1 2 2
PowerPlay Defense
Defense Defense Time % Phy DF OF
1 Branislav Mezei Kevin Bieksa 60 1 2 2
2 Mike Lundin Brooks Orpik 40 1 2 2
Penalty Kill 4 Players Forward
Center Wing Time % Phy DF OF
1 Pavel Datsyuk Patric Hornqvist 60 1 2 2
2 David Booth Martin Havlat 40 1 2 2
Penalty Kill 4 Players Defense
Defense Defense Time % Phy DF OF
1 Branislav Mezei Kevin Bieksa 60 1 2 2
2 Mike Lundin Brooks Orpik 40 1 2 2
Penalty Kill - 3 Players Forward
Forward Time % Phy DF OF
1 Pavel Datsyuk 60 1 2 2
2 Patric Hornqvist 40 1 2 2
Penalty Kill - 3 Players Defense
Defense Defense Time % Phy DF OF
1 Branislav Mezei Kevin Bieksa 60 1 2 2
2 Mike Lundin Brooks Orpik 40 1 2 2
4 vs 4 Forward
Center Wing Time % Phy DF OF
1 Pavel Datsyuk Patric Hornqvist 60 1 2 2
2 David Booth Martin Havlat 40 1 2 2
4 vs 4 Defense
Defense Defense Time % Phy DF OF
1 Branislav Mezei Kevin Bieksa 60 1 2 2
2 Mike Lundin Brooks Orpik 40 1 2 2
Last Minutes Offensive
Center Left Wing Right Wing Defense Defense
Pavel Datsyuk David Booth Patric Hornqvist Branislav Mezei Kevin Bieksa
Last Minutes Defensive
Center Left Wing Right Wing Defense Defense
Pavel Datsyuk David Booth Patric Hornqvist Branislav Mezei Kevin Bieksa
Goaltenders
Starting : Niklas Backstrom
Backup : Rick DiPietro
Extra Forwards
Normal : Marcus Nilson, Dave Steckel, Jeff Taffe - PP : Marcus Nilson, Dave Steckel - PK : Jeff Taffe
Extra Defensemen
Normal : François Beauchemin, Mike Commodore, A.J Thelen - PP : François Beauchemin - PK : Mike Commodore, A.J Thelen
Penalty Shots
Pavel Datsyuk, Patric Hornqvist, David Booth, Martin Havlat, Mike York
Avalanche
5 vs 5 Forward
Center Left Wing Right Wing Time % Phy DF OF
1 Bryan Little Andrei Kostitsyn Corey Perry 35 1 2 2
2 Mike Comrie Mikkel Boedker Alexander Radulov 35 1 2 2
3 Paul Stastny Andrew Ladd Brandon Yip 15 1 2 2
4 David Krejci Ryan Smyth Chuck Kobasew 15 1 2 2
5 vs 5 Defense
Defense Defense Time % Phy DF OF
1 Jack Johnson Jay Bouwmeester 35 1 2 2
2 Shane O'Brien Marc Staal 35 1 2 2
3 Johnny Boychuk Richard Jackman 30 1 2 2
4 Jack Johnson Marc Staal 0 1 2 2
PowerPlay Forward
Center Left Wing Right Wing Time % Phy DF OF
1 Bryan Little Andrei Kostitsyn Corey Perry 60 1 2 2
2 Paul Stastny Mikkel Boedker Alexander Radulov 40 1 2 2
PowerPlay Defense
Defense Defense Time % Phy DF OF
1 Jack Johnson Jay Bouwmeester 60 1 2 2
2 Shane O'Brien Marc Staal 40 1 2 2
Penalty Kill 4 Players Forward
Center Wing Time % Phy DF OF
1 Mike Comrie Chuck Kobasew 60 1 2 2
2 Brandon Yip Andrew Ladd 40 1 2 2
Penalty Kill 4 Players Defense
Defense Defense Time % Phy DF OF
1 Jack Johnson Marc Staal 60 1 2 2
2 Shane O'Brien Johnny Boychuk 40 1 2 2
Penalty Kill - 3 Players Forward
Forward Time % Phy DF OF
1 Corey Perry 60 1 2 2
2 Andrei Kostitsyn 40 1 2 2
Penalty Kill - 3 Players Defense
Defense Defense Time % Phy DF OF
1 Jack Johnson Marc Staal 60 1 2 2
2 Shane O'Brien Jay Bouwmeester 40 1 2 2
4 vs 4 Forward
Center Wing Time % Phy DF OF
1 Corey Perry Andrei Kostitsyn 60 1 2 2
2 Bryan Little Mikkel Boedker 40 1 2 2
4 vs 4 Defense
Defense Defense Time % Phy DF OF
1 Jack Johnson Marc Staal 60 1 2 2
2 Shane O'Brien Jay Bouwmeester 40 1 2 2
Last Minutes Offensive
Center Left Wing Right Wing Defense Defense
Bryan Little Andrei Kostitsyn Corey Perry Jack Johnson Jay Bouwmeester
Last Minutes Defensive
Center Left Wing Right Wing Defense Defense
Mike Comrie Andrew Ladd Chuck Kobasew Jack Johnson Marc Staal
Goaltenders
Starting : Semyon Varlamov
Backup : Dan Ellis
Extra Forwards
Normal : Andrew Ladd, Paul Stastny, Alexander Radulov - PP : Andrew Ladd, Paul Stastny - PK : Alexander Radulov
Extra Defensemen
Normal : Johnny Boychuk, Richard Jackman, Shane O'Brien - PP : Johnny Boychuk - PK : Richard Jackman, Shane O'Brien
Penalty Shots
Corey Perry, Andrei Kostitsyn, Bryan Little, Mikkel Boedker, Mike Comrie
% Time on Ice - Blue Jackets
Lines # - Real PCT - Wanted PCT - Time Play
Normal Forward
1 - 35% - 40% - 18:35
2 - 31% - 30% - 16:19
3 - 23% - 20% - 12:21
4 - 11% - 10% - 5:56
Normal Defense
1 - 39% - 40% - 20:48
2 - 32% - 30% - 17:09
3 - 23% - 20% - 12:04
4 - 6% - 10% - 3:10
PP Forward
1 - 69% - 60% - 1:57
2 - 31% - 40% - 0:53
PP Defense
1 - 68% - 60% - 1:55
2 - 32% - 40% - 0:55
PK Forward
1 - 91% - 60% - 3:37
2 - 9% - 40% - 0:22
PK Defense
1 - 53% - 60% - 2:07
2 - 47% - 40% - 1:52
PK3 Forward
1 - 0% - 60%
2 - 0% - 40%
PK3 Defense
1 - 0% - 60%
2 - 0% - 40%
44 Forward
1 - 74% - 60% - 3:43
2 - 26% - 40% - 1:17
44 Defense
1 - 59% - 60% - 2:57
2 - 41% - 40% - 2:03
Last Minute Offensive - 0:00
Last Minute Defensive - 0:00
Total
Forward - 65:00
Defense - 65:00
|
% Time on Ice - Avalanche
Lines # - Real PCT - Wanted PCT - Time Play
Normal Forward
1 - 31% - 35% - 16:29
2 - 34% - 35% - 18:14
3 - 17% - 15% - 9:17
4 - 17% - 15% - 9:11
Normal Defense
1 - 35% - 35% - 18:40
2 - 34% - 35% - 18:19
3 - 28% - 30% - 14:39
4 - 3% - 0% - 1:33
PP Forward
1 - 57% - 60% - 2:17
2 - 43% - 40% - 1:42
PP Defense
1 - 46% - 60% - 1:50
2 - 54% - 40% - 2:09
PK Forward
1 - 76% - 60% - 2:10
2 - 24% - 40% - 0:40
PK Defense
1 - 71% - 60% - 2:00
2 - 29% - 40% - 0:50
PK3 Forward
1 - 0% - 60%
2 - 0% - 40%
PK3 Defense
1 - 0% - 60%
2 - 0% - 40%
44 Forward
1 - 70% - 60% - 3:30
2 - 30% - 40% - 1:30
44 Defense
1 - 68% - 60% - 3:24
2 - 32% - 40% - 1:36
Last Minute Offensive - 0:00
Last Minute Defensive - 0:00
Total
Forward - 65:00
Defense - 65:00
|
Play by Play
1st period
0:01 of 1st period - Bryan Little wins face-off versus Pavel Datsyuk in neutral zone.
0:03 of 1st period - Off-side.
0:04 of 1st period - Bryan Little wins face-off versus Pavel Datsyuk in neutral zone.
0:19 of 1st period - Snap shot by Bryan Little.
0:19 of 1st period - Stopped by Niklas Backstrom without a rebound.
0:20 of 1st period - Mike Comrie wins face-off versus Jan Bulis in Blue Jackets zone.
0:23 of 1st period - Snap shot by Alexander Radulov.
0:23 of 1st period - Shot Misses the Net.
1:42 of 1st period - Snap shot by Andrei Kostitsyn.
1:42 of 1st period - Stopped by Niklas Backstrom without a rebound.
1:43 of 1st period - Mike Comrie wins face-off versus Pavel Datsyuk in Blue Jackets zone.
1:56 of 1st period - Snap shot by Mikkel Boedker.
1:56 of 1st period - Deflect By Pavel Datsyuk.
1:56 of 1st period - Shot Blocked by Patric Hornqvist.
1:56 of 1st period - Puck is out of play.
1:57 of 1st period - Mike Comrie wins face-off versus Pavel Datsyuk in Blue Jackets zone.
2:31 of 1st period - Slapshot by Marcus Nilson.
2:31 of 1st period - Stopped by Semyon Varlamov with a rebound.
3:22 of 1st period - Slapshot by Chuck Kobasew.
3:22 of 1st period - Deflect By David Krejci.
3:22 of 1st period - Shot Misses the Net.
3:22 of 1st period - Puck is out of play.
3:23 of 1st period - Dave Steckel wins face-off versus Mike Comrie in Blue Jackets zone.
5:22 of 1st period - Snap shot by Ryan Smyth.
5:22 of 1st period - Stopped by Niklas Backstrom without a rebound.
5:23 of 1st period - David Krejci wins face-off versus Jan Bulis in Blue Jackets zone.
6:14 of 1st period - Slapshot by Mike Comrie.
6:14 of 1st period - Shot Misses the Net.
6:49 of 1st period - Snap shot by Ryan Smyth.
6:49 of 1st period - Stopped by Niklas Backstrom with a rebound.
6:51 of 1st period - Snap shot by Chuck Kobasew.
6:51 of 1st period - Shot Misses the Net.
7:05 of 1st period - Johnny Boychuk is hit by Pavel Datsyuk and loses puck.
7:26 of 1st period - Wrist shot by Mike York.
7:26 of 1st period - Stopped by Semyon Varlamov without a rebound.
7:27 of 1st period - Jan Bulis wins face-off versus Mike Comrie in Avalanche zone.
7:30 of 1st period - Snap shot by Martin Havlat.
7:30 of 1st period - Stopped by Semyon Varlamov with a rebound.
7:32 of 1st period - Slapshot by Branislav Mezei.
7:32 of 1st period - Deflect By Martin Havlat.
7:32 of 1st period - Stopped by Semyon Varlamov with a rebound.
7:34 of 1st period - Snap shot by Branislav Mezei.
7:34 of 1st period - Stopped by Semyon Varlamov without a rebound.
7:35 of 1st period - Mike Comrie wins face-off versus Pavel Datsyuk in Avalanche zone.
8:07 of 1st period - Slapshot by Martin Havlat.
8:07 of 1st period - Shot Misses the Net.
8:48 of 1st period - Slapshot by Chuck Kobasew.
8:48 of 1st period - Shot Blocked by Mike Lundin.
8:50 of 1st period - Slapshot by Jack Johnson.
8:50 of 1st period - Stopped by Niklas Backstrom without a rebound.
8:51 of 1st period - Mikkel Boedker wins face-off versus Mike York in Blue Jackets zone.
8:56 of 1st period - Slapshot by Mike Comrie.
8:56 of 1st period - Shot Misses the Net.
8:58 of 1st period - Wrist shot by Mike Comrie.
8:58 of 1st period - Stopped by Niklas Backstrom without a rebound.
8:59 of 1st period - Jan Bulis wins face-off versus Mike Comrie in Blue Jackets zone.
9:26 of 1st period - Snap shot by Bryan Little.
9:26 of 1st period - Stopped by Niklas Backstrom without a rebound.
9:27 of 1st period - Bryan Little wins face-off versus Pavel Datsyuk in Blue Jackets zone.
9:50 of 1st period - Slapshot by Corey Perry.
9:50 of 1st period - Stopped by Niklas Backstrom with a rebound.
9:58 of 1st period - Corey Perry is hit by Pavel Datsyuk.
10:14 of 1st period - Slapshot by Patric Hornqvist.
10:14 of 1st period - Shot Misses the Net.
10:16 of 1st period - Slapshot by Brooks Orpik.
10:16 of 1st period - Stopped by Semyon Varlamov with a rebound.
10:31 of 1st period - Icing by Andrei Kostitsyn.
10:32 of 1st period - Jan Bulis wins face-off versus Bryan Little in Avalanche zone.
10:37 of 1st period - Snap shot by Martin Havlat.
10:37 of 1st period - Stopped by Semyon Varlamov with a rebound.
11:20 of 1st period - Snap shot by Andrei Kostitsyn.
11:20 of 1st period - Shot Misses the Net.
11:22 of 1st period - Slapshot by Jack Johnson.
11:22 of 1st period - Stopped by Niklas Backstrom without a rebound.
11:23 of 1st period - Dave Steckel wins face-off versus Mike Comrie in Blue Jackets zone.
11:32 of 1st period - Wrist shot by Dave Steckel.
11:32 of 1st period - Stopped by Semyon Varlamov without a rebound.
11:33 of 1st period - Mike Comrie wins face-off versus Dave Steckel in Avalanche zone.
11:33 of 1st period - Mike Comrie is hit by Andreas Nodl.
12:09 of 1st period - Wrist shot by Andreas Nodl.
12:09 of 1st period - Shot Hit the Post.
12:11 of 1st period - Snap shot by Marcus Nilson.
12:11 of 1st period - Stopped by Semyon Varlamov with a rebound.
12:13 of 1st period - Slapshot by François Beauchemin.
12:13 of 1st period - Stopped by Semyon Varlamov with a rebound.
12:15 of 1st period - Snap shot by Mike Commodore.
12:15 of 1st period - Deflect By Johnny Boychuk.
12:15 of 1st period - Stopped by Semyon Varlamov without a rebound.
12:16 of 1st period - Pavel Datsyuk wins face-off versus Paul Stastny in Avalanche zone.
12:17 of 1st period - Wrist shot by David Booth.
12:17 of 1st period - Stopped by Semyon Varlamov with a rebound.
12:19 of 1st period - Slapshot by Branislav Mezei.
12:19 of 1st period - Stopped by Semyon Varlamov with a rebound.
12:21 of 1st period - Slapshot by Branislav Mezei.
12:21 of 1st period - Shot Blocked by Marc Staal.
12:23 of 1st period - Slapshot by Kevin Bieksa.
12:23 of 1st period - Stopped by Semyon Varlamov without a rebound.
12:24 of 1st period - Paul Stastny wins face-off versus Pavel Datsyuk in Avalanche zone.
12:29 of 1st period - Branislav Mezei is hit by Andrew Ladd and loses puck.
12:33 of 1st period - Icing by Branislav Mezei.
12:34 of 1st period - Alexander Radulov wins face-off versus Pavel Datsyuk in Blue Jackets zone.
12:47 of 1st period - Snap shot by Mike Comrie.
12:47 of 1st period - Shot Misses the Net.
13:56 of 1st period - Snap shot by Brandon Yip.
13:56 of 1st period - Shot Misses the Net.
15:22 of 1st period - Snap shot by Corey Perry.
15:22 of 1st period - Shot Misses the Net.
15:44 of 1st period - Andrew Ladd is hit by Martin Havlat and loses puck.
16:05 of 1st period - Jack Johnson is hit by Pavel Datsyuk.
17:26 of 1st period - Brooks Orpik is hit by Andrei Kostitsyn and loses puck.
17:35 of 1st period - Slapshot by Jack Johnson.
17:35 of 1st period - Deflect By David Booth.
17:35 of 1st period - Stopped by Niklas Backstrom without a rebound.
17:36 of 1st period - Cory Emmerton wins face-off versus Mike Comrie in Blue Jackets zone.
17:47 of 1st period - Slapshot by Mikkel Boedker.
17:47 of 1st period - Shot Misses the Net.
17:49 of 1st period - Snap shot by Mikkel Boedker.
17:49 of 1st period - Shot Blocked by François Beauchemin.
17:51 of 1st period - Wrist shot by Mike Comrie.
17:51 of 1st period - Shot Blocked by Mike Commodore.
17:53 of 1st period - Slapshot by Jay Bouwmeester.
17:53 of 1st period - Stopped by Niklas Backstrom with a rebound.
18:27 of 1st period - Kevin Bieksa is hit by Paul Stastny and loses puck.
18:32 of 1st period - Wrist shot by Brandon Yip.
18:32 of 1st period - Stopped by Niklas Backstrom without a rebound.
18:33 of 1st period - Pavel Datsyuk wins face-off versus Mike Comrie in Blue Jackets zone.
18:56 of 1st period - Slapshot by Martin Havlat.
18:56 of 1st period - Shot Blocked by Shane O'Brien.
19:04 of 1st period - Snap shot by Martin Havlat.
19:04 of 1st period - Stopped by Semyon Varlamov with a rebound.
19:06 of 1st period - Slapshot by Brooks Orpik.
19:06 of 1st period - Deflect By Corey Perry.
19:06 of 1st period - Stopped by Semyon Varlamov with a rebound.
19:12 of 1st period - Minor Penalty to Corey Perry for Hooking.
19:13 of 1st period - Pavel Datsyuk wins face-off versus Mike Comrie in Avalanche zone.
19:22 of 1st period - Slapshot by Jack Johnson.
19:22 of 1st period - Shot Blocked by Kevin Bieksa.
19:27 of 1st period - Off-side.
19:28 of 1st period - Pavel Datsyuk wins face-off versus Mike Comrie in neutral zone.
19:43 of 1st period - Slapshot by Branislav Mezei.
19:43 of 1st period - Shot Misses the Net.
Goals for this period are 0 for Blue Jackets vs 0 for Avalanche.
Shots for this period are 16 for Blue Jackets vs 12 for Avalanche.
2nd period
0:01 of 2nd period - Mike Comrie wins face-off versus Pavel Datsyuk in neutral zone.
0:33 of 2nd period - Slapshot by Martin Havlat.
0:33 of 2nd period - Shot Misses the Net.
0:35 of 2nd period - Slapshot by Branislav Mezei.
0:35 of 2nd period - Stopped by Semyon Varlamov without a rebound.
0:36 of 2nd period - Jan Bulis wins face-off versus Brandon Yip in Avalanche zone.
0:39 of 2nd period - Wrist shot by Martin Havlat.
0:39 of 2nd period - Stopped by Semyon Varlamov with a rebound.
0:41 of 2nd period - Slapshot by Mike Lundin.
0:41 of 2nd period - Shot Misses the Net.
0:43 of 2nd period - Wrist shot by Mike York.
0:43 of 2nd period - Shot Blocked by Johnny Boychuk.
0:45 of 2nd period - Slapshot by Brooks Orpik.
0:45 of 2nd period - Stopped by Semyon Varlamov with a rebound.
0:47 of 2nd period - Slapshot by Mike York.
0:47 of 2nd period - Shot Blocked by Johnny Boychuk.
1:12 of 2nd period - Penalty to Corey Perry is over, Corey Perry is back on ice.
1:44 of 2nd period - Wrist shot by Mike Comrie.
1:44 of 2nd period - Deflect By Mikkel Boedker.
1:44 of 2nd period - Goal by Mikkel Boedker - Blue Jackets : 0 - Avalanche : 1.
1:45 of 2nd period - Pavel Datsyuk wins face-off versus Mike Comrie in neutral zone.
2:36 of 2nd period - Snap shot by Andrei Kostitsyn.
2:36 of 2nd period - Stopped by Niklas Backstrom with a rebound.
2:44 of 2nd period - Slapshot by Marcus Nilson.
2:44 of 2nd period - Stopped by Semyon Varlamov with a rebound.
2:54 of 2nd period - Snap shot by Jack Johnson.
2:54 of 2nd period - Stopped by Niklas Backstrom with a rebound.
2:56 of 2nd period - Wrist shot by Chuck Kobasew.
2:56 of 2nd period - Stopped by Niklas Backstrom with a rebound.
2:58 of 2nd period - Wrist shot by Chuck Kobasew.
2:58 of 2nd period - Goal by Chuck Kobasew - Blue Jackets : 0 - Avalanche : 2.
2:59 of 2nd period - Mike Comrie wins face-off versus Pavel Datsyuk in neutral zone.
3:58 of 2nd period - Slapshot by Marcus Nilson.
3:58 of 2nd period - Shot Misses the Net.
4:16 of 2nd period - Slapshot by Ryan Smyth.
4:16 of 2nd period - Stopped by Niklas Backstrom without a rebound.
4:17 of 2nd period - Alexander Radulov wins face-off versus Cory Emmerton in Blue Jackets zone.
4:26 of 2nd period - Snap shot by Cory Emmerton.
4:26 of 2nd period - Shot Misses the Net.
4:28 of 2nd period - Slapshot by Jeff Taffe.
4:28 of 2nd period - Stopped by Semyon Varlamov without a rebound.
4:29 of 2nd period - Mike Comrie wins face-off versus Pavel Datsyuk in Avalanche zone.
4:44 of 2nd period - David Booth is hit by Alexander Radulov and loses puck.
5:06 of 2nd period - Minor Penalty to Bryan Little for Interference.
5:07 of 2nd period - Mike Comrie wins face-off versus Pavel Datsyuk in Avalanche zone.
5:41 of 2nd period - Slapshot by Mike York.
5:41 of 2nd period - Stopped by Semyon Varlamov with a rebound.
5:43 of 2nd period - Slapshot by Mike Lundin.
5:43 of 2nd period - Stopped by Semyon Varlamov without a rebound.
5:44 of 2nd period - Mike Comrie wins face-off versus Jan Bulis in Avalanche zone.
5:55 of 2nd period - Snap shot by Martin Havlat.
5:55 of 2nd period - Shot Blocked by Johnny Boychuk.
5:57 of 2nd period - Wrist shot by Mike York.
5:57 of 2nd period - Goal by Mike York - Blue Jackets : 1 - Avalanche : 2.
5:58 of 2nd period - Pavel Datsyuk wins face-off versus Mikkel Boedker in neutral zone.
6:25 of 2nd period - Martin Havlat is hit by Corey Perry and loses puck.
7:24 of 2nd period - Jay Bouwmeester is hit by Mike Lundin.
7:56 of 2nd period - Corey Perry is hit by François Beauchemin and loses puck.
8:23 of 2nd period - A.J Thelen is hit by Brandon Yip and loses puck.
8:33 of 2nd period - Icing by Mike York.
8:34 of 2nd period - Jan Bulis wins face-off versus Mike Comrie in Blue Jackets zone.
8:59 of 2nd period - David Booth is hit by Bryan Little.
9:51 of 2nd period - Snap shot by Marcus Nilson.
9:51 of 2nd period - Shot Misses the Net.
9:53 of 2nd period - Slapshot by François Beauchemin.
9:53 of 2nd period - Shot Misses the Net.
11:15 of 2nd period - Backhand shot by Corey Perry.
11:15 of 2nd period - Deflect By Andrei Kostitsyn.
11:15 of 2nd period - Stopped by Niklas Backstrom with a rebound.
11:23 of 2nd period - Icing by David Booth.
11:24 of 2nd period - Mike Comrie wins face-off versus David Booth in Blue Jackets zone.
11:56 of 2nd period - Snap shot by Brandon Yip.
11:56 of 2nd period - Shot Misses the Net.
12:32 of 2nd period - Snap shot by Patric Hornqvist.
12:32 of 2nd period - Shot Misses the Net.
12:34 of 2nd period - Wrist shot by David Booth.
12:34 of 2nd period - Stopped by Semyon Varlamov with a rebound.
12:36 of 2nd period - Snap shot by Marcus Nilson.
12:36 of 2nd period - Stopped by Semyon Varlamov with a rebound.
12:38 of 2nd period - Snap shot by Kevin Bieksa.
12:38 of 2nd period - Stopped by Semyon Varlamov with a rebound.
12:40 of 2nd period - Snap shot by Kevin Bieksa.
12:40 of 2nd period - Shot Blocked by Mikkel Boedker.
12:42 of 2nd period - Wrist shot by David Booth.
12:42 of 2nd period - Stopped by Semyon Varlamov with a rebound.
12:44 of 2nd period - Backhand shot by Branislav Mezei.
12:44 of 2nd period - Stopped by Semyon Varlamov without a rebound.
12:45 of 2nd period - Mike York wins face-off versus Paul Stastny in Avalanche zone.
15:03 of 2nd period - Backhand shot by David Krejci.
15:03 of 2nd period - Stopped by Niklas Backstrom without a rebound.
15:04 of 2nd period - Mike Comrie wins face-off versus Jan Bulis in Blue Jackets zone.
15:47 of 2nd period - Kevin Bieksa is hit by Brandon Yip and loses puck.
16:30 of 2nd period - Slapshot by Marc Staal.
16:30 of 2nd period - Shot Blocked by Kevin Bieksa.
16:51 of 2nd period - Slapshot by Marc Staal.
16:51 of 2nd period - Shot Misses the Net.
17:07 of 2nd period - Mike York is hit by Paul Stastny.
17:17 of 2nd period - Snap shot by Andreas Nodl.
17:17 of 2nd period - Stopped by Semyon Varlamov without a rebound.
17:18 of 2nd period - David Krejci wins face-off versus Dave Steckel in Avalanche zone.
17:18 of 2nd period - David Krejci is hit by Dave Steckel.
17:24 of 2nd period - Snap shot by Chuck Kobasew.
17:24 of 2nd period - Shot Misses the Net.
17:42 of 2nd period - François Beauchemin is hit by Alexander Radulov.
18:28 of 2nd period - Snap shot by Paul Stastny.
18:28 of 2nd period - Stopped by Niklas Backstrom with a rebound.
18:30 of 2nd period - Slapshot by Paul Stastny.
18:30 of 2nd period - Shot Misses the Net.
18:32 of 2nd period - Slapshot by Johnny Boychuk.
18:32 of 2nd period - Stopped by Niklas Backstrom without a rebound.
18:33 of 2nd period - Jan Bulis wins face-off versus Mike Comrie in Blue Jackets zone.
18:58 of 2nd period - Jack Johnson is hit by Andreas Nodl and loses puck.
19:09 of 2nd period - Snap shot by Marcus Nilson.
19:09 of 2nd period - Shot Misses the Net.
19:29 of 2nd period - Snap shot by Bryan Little.
19:29 of 2nd period - Stopped by Niklas Backstrom with a rebound.
19:31 of 2nd period - Slapshot by Bryan Little.
19:31 of 2nd period - Shot Misses the Net.
Goals for this period are 1 for Blue Jackets vs 2 for Avalanche.
Shots for this period are 14 for Blue Jackets vs 11 for Avalanche.
3rd period
0:01 of 3rd period - Pavel Datsyuk wins face-off versus Mike Comrie in neutral zone.
0:04 of 3rd period - Slapshot by Kevin Bieksa.
0:04 of 3rd period - Shot Misses the Net.
0:06 of 3rd period - Slapshot by Kevin Bieksa.
0:06 of 3rd period - Shot Misses the Net.
1:15 of 3rd period - Snap shot by Paul Stastny.
1:15 of 3rd period - Shot Misses the Net.
1:17 of 3rd period - Slapshot by Marc Staal.
1:17 of 3rd period - Shot Misses the Net.
1:19 of 3rd period - Slapshot by Marc Staal.
1:19 of 3rd period - Stopped by Niklas Backstrom with a rebound.
1:23 of 3rd period - Wrist shot by Andrew Ladd.
1:23 of 3rd period - Shot Misses the Net.
1:33 of 3rd period - Pavel Datsyuk is hit by Shane O'Brien and loses puck.
1:40 of 3rd period - Snap shot by Chuck Kobasew.
1:40 of 3rd period - Stopped by Niklas Backstrom without a rebound.
1:41 of 3rd period - Pavel Datsyuk wins face-off versus Bryan Little in Blue Jackets zone.
1:41 of 3rd period - Pavel Datsyuk is hit by Bryan Little.
1:55 of 3rd period - Slapshot by Andrei Kostitsyn.
1:55 of 3rd period - Shot Misses the Net.
1:57 of 3rd period - Slapshot by Jack Johnson.
1:57 of 3rd period - Stopped by Niklas Backstrom without a rebound.
1:58 of 3rd period - Mike Comrie wins face-off versus Andreas Nodl in Blue Jackets zone.
2:01 of 3rd period - Wrist shot by Mikkel Boedker.
2:01 of 3rd period - Shot Misses the Net.
2:03 of 3rd period - Slapshot by Shane O'Brien.
2:03 of 3rd period - Stopped by Niklas Backstrom without a rebound.
2:04 of 3rd period - Dave Steckel wins face-off versus Mike Comrie in Blue Jackets zone.
2:04 of 3rd period - Dave Steckel is hit by Shane O'Brien.
2:31 of 3rd period - Snap shot by David Booth.
2:31 of 3rd period - Stopped by Semyon Varlamov without a rebound.
2:32 of 3rd period - Bryan Little wins face-off versus Patric Hornqvist in Avalanche zone.
2:55 of 3rd period - Wrist shot by Corey Perry.
2:55 of 3rd period - Stopped by Niklas Backstrom without a rebound.
2:56 of 3rd period - Mike Comrie wins face-off versus Jan Bulis in Blue Jackets zone.
3:01 of 3rd period - Snap shot by Mikkel Boedker.
3:01 of 3rd period - Shot Misses the Net.
3:03 of 3rd period - Slapshot by Shane O'Brien.
3:03 of 3rd period - Stopped by Niklas Backstrom without a rebound.
3:04 of 3rd period - Jan Bulis wins face-off versus Mike Comrie in Blue Jackets zone.
3:56 of 3rd period - Snap shot by Ryan Smyth.
3:56 of 3rd period - Shot Blocked by Andreas Nodl.
3:58 of 3rd period - Wrist shot by Ryan Smyth.
3:58 of 3rd period - Stopped by Niklas Backstrom with a rebound.
4:00 of 3rd period - Snap shot by Chuck Kobasew.
4:00 of 3rd period - Deflect By Ryan Smyth.
4:00 of 3rd period - Stopped by Niklas Backstrom with a rebound.
4:02 of 3rd period - Snap shot by Ryan Smyth.
4:02 of 3rd period - Shot Blocked by Andreas Nodl.
4:31 of 3rd period - Martin Havlat is hit by Paul Stastny and loses puck.
4:54 of 3rd period - Brandon Yip is hit by Martin Havlat and loses puck.
5:11 of 3rd period - Backhand shot by Paul Stastny.
5:11 of 3rd period - Stopped by Niklas Backstrom with a rebound.
5:13 of 3rd period - Wrist shot by Paul Stastny.
5:13 of 3rd period - Shot Hit the Post.
5:31 of 3rd period - Snap shot by Paul Stastny.
5:31 of 3rd period - Stopped by Niklas Backstrom with a rebound.
5:33 of 3rd period - Snap shot by Paul Stastny.
5:33 of 3rd period - Shot Misses the Net.
5:35 of 3rd period - Slapshot by Jay Bouwmeester.
5:35 of 3rd period - Stopped by Niklas Backstrom with a rebound.
5:37 of 3rd period - Snap shot by Brandon Yip.
5:37 of 3rd period - Deflect By Paul Stastny.
5:37 of 3rd period - Stopped by Niklas Backstrom without a rebound.
5:38 of 3rd period - David Booth wins face-off versus Mike Comrie in Blue Jackets zone.
5:44 of 3rd period - Off-side.
5:45 of 3rd period - Mike Comrie wins face-off versus Pavel Datsyuk in neutral zone.
6:04 of 3rd period - Wrist shot by Mike Comrie.
6:04 of 3rd period - Shot Misses the Net.
6:34 of 3rd period - Snap shot by Mike Comrie.
6:34 of 3rd period - Stopped by Niklas Backstrom with a rebound.
6:36 of 3rd period - Slapshot by Alexander Radulov.
6:36 of 3rd period - Shot Blocked by Patric Hornqvist.
6:38 of 3rd period - Wrist shot by Mikkel Boedker.
6:38 of 3rd period - Shot Misses the Net.
6:40 of 3rd period - Slapshot by Richard Jackman.
6:40 of 3rd period - Deflect By Mikkel Boedker.
6:40 of 3rd period - Shot Misses the Net.
6:40 of 3rd period - Puck is out of play.
6:41 of 3rd period - Dave Steckel wins face-off versus Bryan Little in Blue Jackets zone.
6:43 of 3rd period - Double Minor Penalty to Dave Steckel for Roughing.
6:44 of 3rd period - Bryan Little wins face-off versus Pavel Datsyuk in Blue Jackets zone.
7:10 of 3rd period - Pavel Datsyuk is hit by Paul Stastny and loses puck.
7:45 of 3rd period - Marc Staal is hit by Brooks Orpik and loses puck.
10:37 of 3rd period - Mike Commodore is hit by Mikkel Boedker and loses puck.
10:43 of 3rd period - Penalty to Dave Steckel is over, Dave Steckel is back on ice.
12:06 of 3rd period - Richard Jackman is hit by Patric Hornqvist and loses puck.
12:27 of 3rd period - Cory Emmerton is hit by David Krejci and loses puck.
13:55 of 3rd period - Branislav Mezei is hit by Bryan Little and loses puck.
14:42 of 3rd period - Icing by Patric Hornqvist.
14:43 of 3rd period - Dave Steckel wins face-off versus David Krejci in Blue Jackets zone.
15:02 of 3rd period - Brooks Orpik is hit by Paul Stastny and loses puck.
15:24 of 3rd period - Icing by David Booth.
15:25 of 3rd period - Bryan Little wins face-off versus Pavel Datsyuk in Blue Jackets zone.
15:53 of 3rd period - Wrist shot by Martin Havlat.
15:53 of 3rd period - Goal by Martin Havlat - Blue Jackets : 2 - Avalanche : 2.
15:54 of 3rd period - Bryan Little wins face-off versus Pavel Datsyuk in neutral zone.
16:11 of 3rd period - Slapshot by Shane O'Brien.
16:11 of 3rd period - Stopped by Niklas Backstrom with a rebound.
16:30 of 3rd period - Slapshot by Mike Comrie.
16:30 of 3rd period - Stopped by Niklas Backstrom without a rebound.
16:31 of 3rd period - Pavel Datsyuk wins face-off versus Bryan Little in Blue Jackets zone.
16:42 of 3rd period - Snap shot by Pavel Datsyuk.
16:42 of 3rd period - Shot Misses the Net.
16:44 of 3rd period - Slapshot by Brooks Orpik.
16:44 of 3rd period - Stopped by Semyon Varlamov without a rebound.
16:45 of 3rd period - David Booth wins face-off versus Bryan Little in Avalanche zone.
16:54 of 3rd period - Wrist shot by Shane O'Brien.
16:54 of 3rd period - Deflect By Bryan Little.
16:54 of 3rd period - Shot Misses the Net.
16:54 of 3rd period - Puck is out of play.
16:55 of 3rd period - Pavel Datsyuk wins face-off versus Bryan Little in Blue Jackets zone.
17:24 of 3rd period - Snap shot by Bryan Little.
17:24 of 3rd period - Shot Blocked by Kevin Bieksa.
17:26 of 3rd period - Wrist shot by Corey Perry.
17:26 of 3rd period - Stopped by Niklas Backstrom without a rebound.
17:27 of 3rd period - Dave Steckel wins face-off versus Mike Comrie in Blue Jackets zone.
17:38 of 3rd period - Slapshot by Andreas Nodl.
17:38 of 3rd period - Shot Blocked by Mikkel Boedker.
17:43 of 3rd period - Icing by Mikkel Boedker.
17:44 of 3rd period - Mike Comrie wins face-off versus Pavel Datsyuk in Avalanche zone.
18:53 of 3rd period - Snap shot by Alexander Radulov.
18:53 of 3rd period - Shot Misses the Net.
18:55 of 3rd period - Slapshot by Jack Johnson.
18:55 of 3rd period - Deflect By Pavel Datsyuk.
18:55 of 3rd period - Stopped by Niklas Backstrom without a rebound.
18:56 of 3rd period - Dave Steckel wins face-off versus Ryan Smyth in Blue Jackets zone.
19:07 of 3rd period - Wrist shot by Shane O'Brien.
19:07 of 3rd period - Shot Misses the Net.
19:11 of 3rd period - Snap shot by Chuck Kobasew.
19:11 of 3rd period - Shot Misses the Net.
19:21 of 3rd period - Andrew Ladd is hit by Mike Lundin and loses puck.
Goals for this period are 1 for Blue Jackets vs 0 for Avalanche.
Shots for this period are 3 for Blue Jackets vs 17 for Avalanche.
Overtime #1
0:01 of 1st overtime period - Pavel Datsyuk wins face-off versus Corey Perry in neutral zone.
0:59 of 1st overtime period - Wrist shot by Bryan Little.
0:59 of 1st overtime period - Deflect By Mikkel Boedker.
0:59 of 1st overtime period - Stopped by Niklas Backstrom without a rebound.
1:00 of 1st overtime period - Corey Perry wins face-off versus Pavel Datsyuk in Blue Jackets zone.
1:30 of 1st overtime period - Wrist shot by Dave Steckel.
1:30 of 1st overtime period - Stopped by Semyon Varlamov without a rebound.
1:31 of 1st overtime period - Dave Steckel wins face-off versus Corey Perry in Avalanche zone.
1:32 of 1st overtime period - Wrist shot by Marcus Nilson.
1:32 of 1st overtime period - Stopped by Semyon Varlamov with a rebound.
1:38 of 1st overtime period - Snap shot by Marcus Nilson.
1:38 of 1st overtime period - Stopped by Semyon Varlamov with a rebound.
2:52 of 1st overtime period - Snap shot by Branislav Mezei.
2:52 of 1st overtime period - Stopped by Semyon Varlamov with a rebound.
3:35 of 1st overtime period - Wrist shot by Martin Havlat.
3:35 of 1st overtime period - Shot Misses the Net.
3:37 of 1st overtime period - Snap shot by David Booth.
3:37 of 1st overtime period - Shot Misses the Net.
4:25 of 1st overtime period - Corey Perry is hit by Branislav Mezei and loses puck.
4:54 of 1st overtime period - Slapshot by Marcus Nilson.
4:54 of 1st overtime period - Shot Misses the Net.
Goals for this period are 0 for Blue Jackets vs 0 for Avalanche.
Shots for this period are 4 for Blue Jackets vs 1 for Avalanche.
ShootOut
5:00 of 1st overtime period - Penalty Shot by Pavel Datsyuk for Blue Jackets.
5:00 of 1st overtime period - Deke by Pavel Datsyuk.
5:00 of 1st overtime period - Goal by Pavel Datsyuk.
5:00 of 1st overtime period - Penalty Shot by Corey Perry for Avalanche.
5:00 of 1st overtime period - Backhand shot by Corey Perry.
5:00 of 1st overtime period - Stopped by Niklas Backstrom.
5:00 of 1st overtime period - Penalty Shot by Patric Hornqvist for Blue Jackets.
5:00 of 1st overtime period - Snap shot by Patric Hornqvist.
5:00 of 1st overtime period - Stopped by Semyon Varlamov.
5:00 of 1st overtime period - Penalty Shot by Andrei Kostitsyn for Avalanche.
5:00 of 1st overtime period - Snap shot by Andrei Kostitsyn.
5:00 of 1st overtime period - Goal by Andrei Kostitsyn.
5:00 of 1st overtime period - Penalty Shot by David Booth for Blue Jackets.
5:00 of 1st overtime period - Backhand shot by David Booth.
5:00 of 1st overtime period - Stopped by Semyon Varlamov.
5:00 of 1st overtime period - Penalty Shot by Bryan Little for Avalanche.
5:00 of 1st overtime period - Deke by Bryan Little.
5:00 of 1st overtime period - Stopped by Niklas Backstrom.
5:00 of 1st overtime period - Penalty Shot by Martin Havlat for Blue Jackets.
5:00 of 1st overtime period - Deke by Martin Havlat.
5:00 of 1st overtime period - Goal by Martin Havlat.
5:00 of 1st overtime period - Penalty Shot by Mikkel Boedker for Avalanche.
5:00 of 1st overtime period - Backhand shot by Mikkel Boedker.
5:00 of 1st overtime period - Shot Misses the Net.
Back to the Top